AoeStats
← DJANGO

Arena

510034291Analyzed
2v2 RM · 3d ago on Sep 29, 2026· 82m 26s· 4 players
Game mode
Random Map
Map size
Medium (4 player)
Population
200
Speed
Normal
Resources
Standard
Victory
Conquest
Starting age
Dark Age
Ending age
Imperial Age
RankedLock teamsTeams togetherTeam positionsShared explorationLock speedFull tech treeHidden civsTurbo modeCheats
Victory
Defeat
🇵🇪 Britons · Peru
744
+14
🇦🇺 Bulgarians · Australia
697
+16
🇺🇸 Spanish · United States
713
-16
🇺🇸 Danes · United States
675
-14
Cardinal Richelieu
10:06 Feudal Age
10:33 Double-Bit Axe
16:02 Castle Age
20:46 Bow Saw
20:26 Crossbowman
21:35 Pikeman
24:59 Horse Collar
28:33 Wheelbarrow
32:27 Imperial Age
32:55 Fletching
33:08 Scale Mail Armor
33:36 Conscription
33:36 Bodkin Arrow
33:52 Forging
42:12 Bracer
45:29 Cranequins
46:25 Squires
47:43 Scale Barding Armor
50:06 Iron Casting
51:28 Bloodlines
51:28 Husbandry
51:55 Chain Barding Armor
55:09 Blast Furnace
72:57 Scale Mail Armor
Aramis
11:57 Feudal Age
16:16 Castle Age
14:24 Double-Bit Axe
16:51 Loom
21:00 Bow Saw
27:12 Padded Archer Armor
29:48 Wheelbarrow
30:12 Elite Skirmisher
31:27 Fortified Wall
36:41 Imperial Age
36:07 Thumb Ring
37:47 Conscription
37:56 Capped Ram
38:37 Horse Collar
40:11 Chemistry
42:03 Hand Cart
41:34 Town Watch
42:02 Herbal Medicine
42:52 Leather Archer Armor
42:28 Fletching
44:01 Two-Man Saw
45:59 Gold Mining
45:59 Stone Mining
47:49 Siege Ram
51:30 Ballistics
50:35 Light Cavalry
51:28 Bloodlines
51:19 Husbandry
51:55 Hussar
57:33 Cavalier
59:56 Paladin
61:23 Scale Barding Armor
61:29 Forging
65:58 Onager
DJANGO
10:01 Feudal Age
10:43 Double-Bit Axe
11:17 Horse Collar
13:11 Gold Mining
14:30 Wheelbarrow
17:55 Castle Age
16:23 Stone Mining
17:57 Man-at-Arms
20:17 Bow Saw
23:22 Heavy Plow
23:24 Elite Skirmisher
25:25 Gold Shaft Mining
25:03 Caravan
25:34 Long Swordsman
28:01 Padded Archer Armor
27:52 Fletching
27:55 Pikeman
31:11 Scale Mail Armor
35:30 Imperial Age
34:04 Squires
38:20 Conscription
38:20 Leather Archer Armor
38:01 Bodkin Arrow
38:08 Bodkin Arrow
38:26 Forging
37:51 Elite Longbowman
40:03 Two-Man Saw
41:28 Yeomen
41:50 Hand Cart
41:23 Town Watch
43:05 Chemistry
42:38 Ring Archer Armor
42:46 Iron Casting
42:21 Bracer
43:23 Guilds
46:21 Ballistics
47:04 Blast Furnace
46:17 Fortified Wall
48:03 Chain Mail Armor
47:37 Treadmill Crane
49:13 Halberdier
49:39 Arson
54:49 Capped Ram
61:33 Plate Mail Armor
61:09 Scale Barding Armor
67:44 Hoardings
67:10 Warwolf
68:16 Heavy Scorpion
71:53 Two-Handed Swordsman
72:19 Gambesons
72:31 Champion
76:30 Town Patrol
77:06 Loom
77:28 Light Cavalry
monteleone_bennie
13:45 Feudal Age
15:06 Horse Collar
15:54 Double-Bit Axe
17:38 Scale Mail Armor
18:16 Stone Mining
18:51 Forging
21:18 Gold Mining
22:24 Wheelbarrow
Connection lost

Rejoining the realm…

Still unreachable

The connection could not be restored.

Session expired

The server has moved on; the page needs a fresh start.